 Dungeon Crawl Stone Soup version 0.30.0-19-g36f170ea60 (webtiles) character file.

Game seed: 11264840824165817513

748 Graphine the Gusty (level 7, 0/57 HPs)
             Began as a Red Draconian Air Elementalist on May 28, 2023.
             Slain by a lemure (7 damage)
             ... led by Pikel
             ... on level 5 of the Dungeon.
             The game lasted 00:16:44 (5471 turns).

Graphine the Gusty (Red Draconian Air Elementalist) Turns: 5471, Time: 00:16:46

Health: 0/57       AC: 12    Str: 10    XL:     7   Next: 48%
Magic:  6/21       EV: 12    Int: 17    God:
Gold:   298        SH:  0    Dex: 12    Spells: 3/12 levels left

rFire   + . .        f - +2 dagger (venom)
rCold   . . .        (no shield)
rNeg    . . .        (body armour unavailable)
rPois   .            (helmet restricted)
rElec   .            (no cloak)
rCorr   .            q - +2 pair of gloves
SInv    .            n - +2 pair of boots
Will    .....        (no amulet)
Stlth   ++           j - ring of wizardry
HPRegen 0.29/turn    i - ring of magical power
MPRegen 0.17/turn

%: wizardry (x1)
@: slowed, very slow
A: breathe fire, AC +6, unfitting armour, fire resistance 1, cold-blooded
a: Breathe Fire


You were on level 5 of the Dungeon.
You visited 1 branch of the dungeon, and saw 5 of its levels.

You collected 298 gold pieces.

Inventory:

Hand Weapons
 c - a +2 hand axe of flaming
 f - a +2 dagger of venom (weapon)
Armour
 n - a +2 pair of boots (worn)
 q - a +2 pair of gloves (worn)
Jewellery
 d - a +6 ring of strength
 i - a ring of magical power (right hand)
 j - a ring of wizardry (left hand)
Wands
 g - a wand of mindburst (17)
Scrolls
 b - 3 scrolls of teleportation
 e - 2 scrolls of fear
 h - 2 scrolls of vulnerability {unknown}
 m - a scroll of identify
 o - a scroll of brand weapon {unknown}
 s - a scroll of enchant weapon {unknown}
Potions
 a - a potion of magic
 k - 2 potions of haste
 l - 3 potions of heal wounds
 p - a potion of mutation
 r - 3 potions of flight


   Skills:
 + Level 3.0 Fighting
 + Level 3.3 Dodging
 - Level 2.0 Stealth
 + Level 3.3 Spellcasting
 * Level 4.2 Conjurations
 * Level 0.9 Fire Magic
 * Level 5.3 Air Magic


You had 3 spell levels left.
You knew the following spells:

 Your Spells              Type           Power      Damage    Failure   Level
a - Shock                 Conj/Air       76%        1d7       1%          1
b - Static Discharge      Conj/Air       38%        2-4/arc   1%          2
c - Mephitic Cloud        Conj/Pois/Air  13%        N/A       6%          3
d - Swiftness             Air            21%        N/A       2%          3

Your spell library contained the following spells:

 Spells                   Type           Power      Damage    Failure   Level
 Magic Dart               Conj           68%        1d6       1%          1
 Momentum Strike          Conj/Tloc      20%        3d8       4%          2
 Apportation              Tloc           4%         N/A       7%          1
 Necrotise                Necr           8%         1d4       7%          1
 Scorch                   Fire           12%        2d6       7%          2
 Blink                    Tloc           4%         N/A       11%         2
 Call Imp                 Summ           4%         N/A       11%         2
 Lesser Beckoning         Tloc           4%         N/A       11%         2
 Volatile Blastmotes      Fire/Tloc      8%         2d10      16%         3
 Vampiric Draining        Necr           2%         2d6       21%         3
 Airstrike                Air            10%        2d(2-18)  8%          4
 Flame Wave               Conj/Fire      11%        2d6       22%         4
 Fulminant Prism          Conj/Hex       5%         3d7       26%         4
 Iskenderun's Mystic Bla  Conj/Tloc      10%        2d4       26%         4
 Agony                    Necr           2%         N/A       86%         5
 Alistair's Intoxication  Tmut/Pois      1%         N/A       86%         5
 Lee's Rapid Deconstruct  Erth           1%         3d4*      86%         5
 Summon Cactus Giant      Summ           1%         N/A       100%        6


Dungeon Overview and Level Annotations

Branches:
Dungeon (5/15)
 Temple: D:4-7

Altars:
Cheibriados
Gozag
Hepliaklqana
Yredelemnul

Annotations:
D:5 Pikel


Innate Abilities, Weirdness & Mutations

You can breathe blasts of fire.
Your fiery red scales are hard. (AC +6)
You cannot fit into any form of body armour.
Your flesh is heat resistant. (rF+)
You are cold-blooded and may be slowed by cold attacks.


Message History

Casting: Static Discharge (safe; 1% risk of failure)
Confirm with . or Enter, or press ? or * to list all spells.
The lemure is struck by an arc of lightning.
The lemure is lightly wounded.
The lemure is struck by an arc of lightning.
You kill the lemure!
That felt strangely unrewarding.
You are struck by an arc of lightning.
Pikel is struck by an arc of lightning.
Pikel is almost dead.
The lightning grounds out.
Pikel drinks a potion.
Pikel is healed!
The lemure hits you but does no damage.
Casting: Static Discharge (safe; 1% risk of failure)
Confirm with . or Enter, or press ? or * to list all spells.
The lemure is struck by an arc of lightning.
The lemure is lightly wounded.
You are struck by an arc of lightning.
Pikel is struck by an arc of lightning.
Pikel is almost dead.
You are struck by an arc of lightning.
The lightning grounds out.
Pikel hits you with a +1 whip of freezing.
You feel yourself slow down. Pikel freezes you. The lemure closely misses you.
Casting: Static Discharge (safe; 1% risk of failure)
Confirm with . or Enter, or press ? or * to list all spells.
The lemure is struck by an arc of lightning.
The lemure is moderately wounded.
You are struck by an arc of lightning.
The lightning grounds out.
Pikel is struck by an arc of lightning.
Pikel is almost dead.
You are struck by an arc of lightning.
The lemure is struck by an arc of lightning.
The lemure is moderately wounded.
You are struck by an arc of lightning.
* * * LOW HITPOINT WARNING * * *
The lightning grounds out.
Pikel hits you with a +1 whip of freezing.
* * * LOW HITPOINT WARNING * * *
You feel as though you will be slow longer.
Pikel freezes you.
* * * LOW HITPOINT WARNING * * *
The lemure hits you but does no damage. The lemure hits you!
You die...

#.# #(#####..#. #.# #.#
#..#. # #.# #.# #..#. #
#. #.# #.# #..#. #.#.#
#.####.# #.... .....#
#......# ##...
...$..###.###### #.#.
......5#...#... #...
.......@<......^......#>
.....(K#...########.###.
##............... # ##
...#....###.####. . #
#..####. #.# #.
..#.###..# #. #.#
#........####.# .#
#....<......#
#####.#######


You could see Pikel and a lemure.

Vanquished Creatures
  A black bear (D:4)
  An ogre (D:5)
  3 lemures (D:5)
  A phantom (D:5)
  The ghost of FelidPro the Gusty, an amateur FeAE (D:4)
  2 bullfrog zombies (D:4)
  2 orc priests
  A sleepcap (D:5)
  Terence (D:2)
  An iguana (D:4)
  2 orc wizards (D:4)
  Robin (D:2)
  4 gnolls (D:5)
  5 adders
  An ufetubus (D:4)
  3 dart slugs
  14 orcs
  5 bats
  4 endoplasms
  4 giant cockroaches
  12 hobgoblins
  3 quokkas
  5 ball pythons
  2 frilled lizards
  15 goblins
  2 kobolds
  5 rats
101 creatures vanquished.

Notes
Turn   | Place    | Note
-------+----------+-------------------------------------------
     0 | D:1      | Graphine the Draconian Air Elementalist began the quest for
                  | the Orb.
     0 | D:1      | Reached XP level 1. HP: 14/14 MP: 3/3
   368 | D:1      | Reached XP level 2. HP: 14/20 MP: 0/5
   854 | D:1      | Learned a level 2 spell: Static Discharge
   872 | D:2      | Noticed Robin
   879 | D:2      | Killed Robin
   880 | D:2      | Reached XP level 3. HP: 19/27 MP: 1/6
  1063 | D:2      | Learned a level 3 spell: Mephitic Cloud
  1200 | D:2      | Reached skill level 1 in Fighting
  1606 | D:2      | Reached XP level 4. HP: 26/35 MP: 0/7
  1764 | D:2      | Noticed Terence
  1771 | D:2      | Killed Terence
  2718 | D:3      | Reached skill level 4 in Air Magic
  2718 | D:3      | Reached XP level 5. HP: 37/41 MP: 1/8
  2725 | D:3      | Learned a level 3 spell: Swiftness
  2885 | D:3      | Found a snail-covered altar of Cheibriados.
  2976 | D:3      | Found an opulent altar of Gozag.
  3068 | D:3      | Found a faded altar of an unknown god.
  3653 | D:4      | Found a runed translucent gate.
  3653 | D:4      | Found a runed translucent gate.
  3653 | D:4      | Found a runed translucent gate.
  3748 | D:4      | Found a basalt altar of Yredelemnul.
  3813 | D:4      | Reached XP level 6. HP: 26/48 MP: 10/10
  4407 | D:4      | Noticed FelidPro's ghost (amateur FeAE)
  4417 | D:4      | Killed FelidPro's ghost
  4607 | D:4      | Your scales start taking on a fiery red colour.
  4607 | D:4      | Reached XP level 7. HP: 53/56 MP: 11/11
  4607 | D:4      | Gained mutation: Your flesh is heat resistant. (rF+) [Red
                  | Draconian growth]
  4820 | D:5      | Entered Level 5 of the Dungeon
  4962 | D:5      | Reached skill level 5 in Air Magic
  5307 | D:5      | Found a hazy altar of Hepliaklqana.
  5459 | D:5      | Noticed Pikel
  5471 | D:5      | Slain by a lemure

Illustrated notes

Levels and vault maps discovered:
D:1:      scummos_arrival_forest, layout_loops_ring
D:2:      cheibrodos_greedy_goblins, layout_basic, kennysheep_generic_room_4,
          uniq_terence, uniq_robin
D:3:      layout_loops_ring, mainiacjoe_overflow_big_doors,
          hellmonk_ecumenical_altar_prayer_group
D:4:      layout_basic, mainiacjoe_overflow_concentric_impassable,
          gammafunk_ghost_necromancy, nrook_campfire, serial_bayou_crossing,
          uniq_eustachio
D:5:      layout_loops_ring, mainiacjoe_overflow_six_doors_small, uniq_pikel

Skill      XL: |  1  2  3  4  5  6  7 |
---------------+----------------------+-----
Stealth        | 2 |  2.0
Dodging        | 2 3 |  3.3
Fighting       | 1 2 3 |  3.0
Conjurations   | 2 3 4 |  4.2
Air Magic      | 4 5 |  5.3
Spellcasting   | 3 |  3.3
Fire Magic     | |  0.9

Action                     |  1- 3 |  4- 6 |  7- 9 || total
---------------------------+-------+-------+-------++-------
  Melee: Dagger            |    51 |    82 |    24 ||   157
         Unarmed           |     4 |       |       ||     4
         Tailslap          |     7 |    17 |     7 ||    31
         Punch             |       |     1 |     1 ||     2
   Cast: Shock             |    45 |    46 |     8 ||    99
         Static Discharge  |     6 |    16 |    20 ||    42
         Swiftness         |       |     7 |     1 ||     8
         Mephitic Cloud    |       |     1 |       ||     1
    Use: Scroll            |       |     4 |     6 ||    10
         Potion            |       |     2 |       ||     2
   Stab: Sleeping          |       |     1 |       ||     1
 Armour: Skin              |    22 |    54 |    21 ||    97
  Dodge: Dodged            |    35 |    65 |    30 ||   130
